 Dungeon Crawl Stone Soup version 0.25-a0-668-gea548f1 (webtiles) character file.

Game seed: 12632649295747970019, levelgen mode: deterministic

6203 Faca the Fighter (level 11, 0/93 HPs)
             Began as a Human Fighter on Mar 28, 2020.
             Was a Follower of Okawaru.
             Slain by a hornet zombie (7 damage)
             ... summoned by Erica
             ... on level 9 of the Dungeon.
             The game lasted 00:22:49 (11390 turns).

Faca the Fighter (Human Fighter)                   Turns: 11390, Time: 00:22:50

Health: 0/93       AC: 14    Str: 21    XL:     11   Next: 14%
Magic:  11/11      EV:  5    Int:  8    God:    Okawaru [*.....]
Gold:   461        SH: 11    Dex: 12    Spells: 10/10 levels left

rFire    . . .     SeeInvis .   A - +3 scimitar (vorpal)
rCold    + . .     Gourm    .   C - +1 kite shield {AC+3}
rNeg     . . .     Faith    .   k - +0 chain mail
rPois    +         Spirit   .   (no helmet)
rElec    .         Reflect  .   n - +0 cloak
rCorr    .         Harm     .   (no gloves)
MR       .....                  (no boots)
Stlth    ..........             B - amulet of the acrobat
HPRegen  0.25/turn              s - ring of poison resistance
MPRegen  0.12/turn              u - ring of protection from cold

@: slowed, very slow
A: no striking features
a: Heroism, Renounce Religion


You were on level 9 of the Dungeon.
You worshipped Okawaru.
Okawaru was aware of your devotion.
You were not hungry.

You visited 2 branches of the dungeon, and saw 10 of its levels.

You collected 509 gold pieces.
You spent 48 gold pieces at shops.

Inventory:

Hand Weapons
 A - a +3 vorpal scimitar (weapon)
Missiles
 q - a throwing net (quivered)
 r - 2 boomerangs
Armour
 k - a +0 chain mail (worn)
 n - a +0 cloak (worn)
 y - a +0 tower shield
 C - a +1 kite shield of protection (worn)
Jewellery
 m - an uncursed ring of fire
 s - a ring of poison resistance (left hand)
 u - a ring of protection from cold (right hand)
 B - an amulet of the acrobat (around neck)
Wands
 e - a wand of paralysis (5)
 j - a wand of iceblast (13)
 p - a wand of enslavement (17)
 w - a wand of digging (4)
Scrolls
 b - 3 scrolls of identify
 i - 6 scrolls of remove curse
 l - a scroll of teleportation
 x - a scroll of immolation
Potions
 d - 2 potions of cancellation
 g - 2 potions of flight
 h - a potion of invisibility
 o - a potion of mutation
 t - 2 potions of lignification
 z - 2 potions of might
Comestibles
 a - 3 chunks of flesh
 f - 8 rations


   Skills:
 + Level 11.0 Fighting
 + Level 10.7 Long Blades
 + Level 5.1 Armour
 + Level 5.1 Shields


You had 10 spell levels left.
You didn't know any spells.
Your spell library contained the following spells:

 Spells                   Type           Power        Failure   Level  Hunger
 Apportation              Tloc           #.....       100%        1    ##.....
 Magic Dart               Conj           #...         100%        1    ##.....
 Summon Butterflies       Summ           #.......     100%        1    ##.....
 Searing Ray              Conj           #.....       100%        2    ###....
 Confusing Touch          Hex            #.......     100%        3    ####...
 Dazzling Flash           Conj/Hex       #.....       100%        3    ####...
 Gell's Gravitas          Tloc           #.........   100%        3    ####...
 Lesser Beckoning         Tloc           #.........   100%        3    ####...
 Tukima's Dance           Hex            #.......     100%        3    ####...
 Fulminant Prism          Conj/Hex       #.........   100%        4    #####..
 Iskenderun's Mystic Bla  Conj/Tloc      #.......     100%        4    #####..
 Petrify                  Tmut/Erth      #.......     100%        4    #####..
 Alistair's Intoxication  Tmut/Pois      #.......     100%        5    ######.
 Metabolic Englaciation   Hex/Ice        #.........   100%        5    ######.
 Yara's Violent Unravell  Hex/Tmut       #.........   100%        5    ######.
 Invisibility             Hex            #.......     100%        6    #######


Dungeon Overview and Level Annotations

Branches:
Dungeon (9/15)             Temple (1/1) D:5
   Lair: D:8-11         Orc: D:9-12

Altars:
Ashenzari
Cheibriados
Dithmenos
Elyvilon
Fedhas
Gozag
Hepliaklqana
Kikubaaqudgha
Nemelex Xobeh
Okawaru
Qazlal
Ru
Sif Muna
Trog
Uskayaw
Vehumet
Wu Jian
Xom
Yredelemnul
The Shining One

Shops:
D:5 =   D:7 ((   D:8 *

Annotations:
D:9 1 transporter, Erica


Message History

You hear some strange, mumbled words.
A lance of force appears from out of thin air!
You block the lance of force.
The hound skeleton bites you but does no damage.
You block the hornet zombie's attack. Something hits you.
* * * LOW HITPOINT WARNING * * *
Something burns you.
* * * LOW HITPOINT WARNING * * *
You closely miss something. You block the hound skeleton's attack.
The hornet zombie barely misses you.
The hound skeleton bites you but does no damage.
Something hits you!
* * * LOW HITPOINT WARNING * * *
Something burns you.
* * * LOW HITPOINT WARNING * * *
You block the hornet zombie's attack.
You miss something.
The hound skeleton bites you but does no damage.
The hornet zombie hits you!
You die...

..##..........#..................
..............#..................
.....................>...........
......>..........................
.................................
......#..................>......
#..###).........#(####....©...
####...#.......Z...#..# #.#######
....(...(......{@....####†#8.©.8#
......##.......Z.....##.#.#P.).P#
#.[[..##......###.......#)###+###
#))...#........##.....).#.#≈≈≈≈≈#
.............}###..#..#)#†#;≈≈≈≈#
..................##...)..#;≈≈≈≈#
...............#..##..†.).#;P⌠≈≈#
..........###.##..........#≈≈≈≈≈#
...........#..............#≈...≈#


You could see a hornet zombie and a hound skeleton.

Vanquished Creatures
  Harold (D:8)
  A two-headed ogre (D:8)
  A centaur zombie (D:8)
  Maggie (D:6)
  A troll (D:9)
  Sigmund (D:5)
  2 water moccasins
  2 orc warriors
  An ice beast (D:6)
  A necrophage (D:8)
  4 sky beasts
  A black bear (D:9)
  2 phantoms
  3 centaurs
  2 ogres
  A big kobold (D:8)
  4 bullfrogs
  A wyvern skeleton (D:7)
  4 scorpions
  6 killer bees (D:9)
  4 wights (D:6)
  2 howler monkeys (D:7)
  6 crimson imps
  2 bullfrog zombies (D:7)
  3 hounds
  A bullfrog skeleton (D:6)
  2 jellies
  4 orc priests
  6 orc wizards
  2 iguanas
  3 worker ants
  A hound zombie (D:6)
  A hound skeleton (D:7)
  3 gnolls
  9 adders
  A howler monkey skeleton (D:9)
  3 shadow imps (D:6)
  7 oozes
  An adder zombie (D:7)
  An adder skeleton (D:4)
  5 leopard geckos
  31 orcs
  5 bats
  4 giant cockroaches
  4 goblins
  12 hobgoblins
  16 jackals
  4 quokkas
  3 frilled lizards
  A goblin skeleton (D:8)
  3 hobgoblin zombies (D:8)
  18 kobolds
  A kobold skeleton (D:8)
  2 orc zombies (D:8)
  A quokka skeleton (D:7)
  7 rats
219 creatures vanquished.

Vanquished Creatures (others)
  A hobgoblin zombie (D:8)
  10 plants (D:6)
  9 toadstools (D:3)
20 creatures vanquished.

Grand Total: 239 creatures vanquished

Notes
Turn   | Place    | Note
-------+----------+-------------------------------------------
     0 | D:1      | Faca the Human Fighter began the quest for the Orb.
     0 | D:1      | Reached XP level 1. HP: 18/18 MP: 1/1
    57 | D:1      | Reached XP level 2. HP: 6/24 MP: 2/2
   524 | D:1      | Reached XP level 3. HP: 29/29 MP: 3/3
   843 | D:2      | Found a stormy altar of Qazlal.
  1103 | D:2      | Reached XP level 4. HP: 27/37 MP: 4/4
  1251 | D:2      | Found a faded altar of an unknown god.
  1432 | D:2      | Reached skill level 4 in Fighting
  2432 | D:3      | Reached XP level 5. HP: 42/42 MP: 5/5
  3082 | D:3      | Reached XP level 6. HP: 33/50 MP: 6/6
  3191 | D:4      | Reached skill level 5 in Fighting
  3562 | D:4      | Noticed a phantom
  3887 | D:4      | Found a sacrificial altar of Ru.
  4040 | D:5      | Entered Level 5 of the Dungeon
  4213 | D:5      | Got a warped mace
  4214 | D:5      | Identified the +4 mace "Douxteu" {vamp, +Fly} (You found it
                  | on level 5 of the Dungeon)
  4353 | D:5      | Found Viohidgh's Jewellery Boutique.
  4357 | D:5      | Bought a cursed -3 ring of strength for 24 gold pieces
  4357 | D:5      | Bought a cursed -3 ring of slaying for 24 gold pieces
  4445 | D:5      | Reached skill level 5 in Long Blades
  4445 | D:5      | Reached XP level 7. HP: 39/56 MP: 7/7
  4680 | D:5      | Found a hazy altar of Hepliaklqana.
  4723 | D:5      | Noticed Sigmund
  4747 | D:5      | Killed Sigmund
  4747 | D:5      | Reached skill level 6 in Fighting
  5165 | D:5      | Found a staircase to the Ecumenical Temple.
  5174 | Temple   | Entered the Ecumenical Temple
  5526 | D:5      | Reached XP level 8. HP: 23/65 MP: 8/8
  5774 | D:6      | Reached skill level 7 in Fighting
  6511 | D:6      | Reached skill level 8 in Fighting
  6511 | D:6      | Reached XP level 9. HP: 40/74 MP: 9/9
  7012 | D:6      | Found a blossoming altar of Fedhas.
  7116 | D:6      | Noticed Maggie
  7147 | D:6      | Killed Maggie
  7147 | D:6      | Reached skill level 9 in Fighting
  7622 | D:7      | Found Had Enlu's Weapon Shop.
  8183 | D:7      | Found Mecsat's Antique Weapon Shop.
  8557 | D:7      | Reached XP level 10. HP: 78/84 MP: 10/10
  8884 | D:8      | Noticed Harold
  8925 | D:8      | Found a glowing golden altar of the Shining One.
  9034 | D:8      | Noticed a two-headed ogre
  9146 | D:8      | Reached skill level 10 in Fighting
  9146 | D:8      | Reached skill level 10 in Long Blades
  9449 | D:8      | Found an iron altar of Okawaru.
  9482 | D:8      | Became a worshipper of Warmaster Okawaru
  9574 | D:8      | Found Veibimna's General Store.
  9788 | D:8      | Found a shattered altar of Ashenzari.
  9891 | D:8      | Killed a two-headed ogre
 10356 | D:8      | Killed Harold
 10869 | D:9      | Reached * piety under Okawaru
 11120 | D:9      | Found a transporter.
 11152 | D:9      | Reached XP level 11. HP: 90/90 MP: 11/11
 11256 | D:9      | Reached skill level 5 in Shields
 11270 | D:9      | Reached skill level 5 in Armour
 11338 | D:9      | Reached skill level 11 in Fighting
 11355 | D:9      | Noticed Erica
 11390 | D:9      | Slain by a hornet zombie

Levels and vault maps discovered:
D:1:      lightli_arrival_statue_moat, layout_basic
D:2:      layout_basic, overflow_temple_1_default,
          chequers_ecumenical_altar_twisty, first_ration, kennysheep_flooded_box
D:3:      cheibrodos_fertilizer, layout_loops_ring, minmay_misc_feat_chi
D:4:      layout_basic, nicolae_ru_sacrificial_ziggurat
D:5:      layout_loops_ring, lemuel_round_altar, minmay_temple_entry_nine_rooms,
          dk_noncrumbling_3, minmay_shop_enchanted_jewellery, uniq_sigmund
D:6:      layout_rooms, fedhas_altar_decomposition, uniq_maggie
D:7:      minmay_opposing_rooms, layout_cave_pools, serial_shops, shop, shop
D:8:      layout_loops_ring, okawaru_gym_becter, ashenzari_conservatory_becter,
          serial_shops, shop, nicolae_tso_besieged_by_evil, uniq_harold
D:9:      gammafunk_steamed_eel, layout_cave_pools, zin_angel, bloody_makhleb,
          uniq_erica
Temple:   nicolae_temple_great_sept

Skill      XL: |  1  2  3  4  5  6  7  8  9 10 11 |
---------------+----------------------------------+-----
Long Blades    | 3 4 5 6 7 9 10 | 10.7
Fighting       | 4 5 6 8 9 10 11 | 11.0
Armour         | 4 5 |  5.1
Shields        | 4 5 |  5.1

Action                   |  1- 3 |  4- 6 |  7- 9 | 10-12 || total
-------------------------+-------+-------+-------+-------++-------
Melee: Long sword        |    96 |   237 |       |       ||   333
       Mace              |       |    22 |    29 |       ||    51
       Falchion          |       |       |   470 |   245 ||   715
       Scimitar          |       |       |       |    79 ||    79
Evoke: Wand              |       |       |       |     1 ||     1
  Use: Potion            |     1 |     1 |     4 |     4 ||    10
       Scroll            |     5 |     9 |     2 |     5 ||    21
 Stab: Paralysed         |       |       |       |     6 ||     6
  Eat: Chunk             |       |    12 |    11 |     6 ||    29
       Ration            |       |       |     1 |     1 ||     2
Armor: Scale mail        |    48 |    32 |       |       ||    80
       Chain mail        |       |   100 |   280 |   147 ||   527
Dodge: Dodged            |    19 |    58 |   112 |    76 ||   265
Block: Kite shield       |    52 |   137 |   225 |   149 ||   563
       Rpst.: Long sword |     6 |    12 |       |       ||    18
       Falchion          |       |       |    28 |    14 ||    42
       Scimitar          |       |       |       |     7 ||     7

Table legend:
 A = Non-vault XP
 B = Vault XP
 C = Vault XP percentage of total XP
 D = Non-vault monster count
 E = Vault monster count
 F = Vault count percentage of total count
                 A         B        C        D         E       F
            +---------+---------+-------+---------+---------+-------
      Total |    6541 |    2321 |  26.2 |     185 |      34 |  15.5
            +---------+---------+-------+---------+---------+-------
        D:1 |      35 |       0 |   0.0 |      22 |       0 |   0.0
        D:2 |      89 |       0 |   0.0 |      27 |       0 |   0.0
        D:3 |      71 |      97 |  57.7 |      11 |      14 |  56.0
        D:4 |      99 |       0 |   0.0 |       6 |       0 |   0.0
        D:5 |     608 |     227 |  27.2 |      25 |       1 |   3.8
        D:6 |    1439 |     404 |  21.9 |      29 |       1 |   3.3
        D:7 |     472 |     513 |  52.1 |      16 |       9 |  36.0
        D:8 |    2182 |    1080 |  33.1 |      22 |       9 |  29.0
        D:9 |    1546 |       0 |   0.0 |      27 |       0 |   0.0
            +---------+---------+-------+---------+---------+-------
